 Dungeon Crawl Stone Soup version 0.17.2-1-ge4368a0 (webtiles) character file.

3812 magog001 the Nimble (level 9, -1/43 HPs)
             Began as a Felid Transmuter on Nov 21, 2016.
             Slain by Rupert
             ... wielding a +0 great mace of protection
              (22 damage)
             ... on level 12 of the Dungeon.
             The game lasted 01:20:40 (11374 turns).

magog001 the Nimble (Felid Transmuter)             Turns: 11374, Time: 01:20:41

Health: -1/43      AC:  2    Str:  8    XL:     9   Next: 96%
Magic:  0/15       EV: 36    Int: 15    God:
Gold:   444        SH:  0    Dex: 23    Spells: 5 memorised, 3 levels left
                                        Lives:  0   Deaths: 2

rFire  . . .     SeeInvis +       - Unarmed
rCold  . . .     Clarity  .     (armour unavailable)
rNeg   . . .     SustAt   .     (shield unavailable)
rPois  x         Gourm    .     (helmet unavailable)
rElec  .         Spirit   +     (cloak unavailable)
rCorr  .         Warding  .     (gloves unavailable)
rMut   .         Stasis   .     (boots unavailable)
MR     +....                    e - amulet of guardian spirit
Stlth  +++++++...               y - ring of wizardry
                                N - ring of stealth

@: spider-form, studying Air Magic, somewhat resistant to hostile enchantments,
extremely stealthy
A: no armour, no weapons or thrown items, (claws 0), (fangs 0), see invisible,
carnivore 3, (speed 0), (shaggy fur 0), slow metabolism 1, (sharp paws)
a: End Transformation


You were on level 12 of the Dungeon.
You were not hungry.
You were a venomous arachnid creature.
You visited 1 branch of the dungeon, and saw 12 of its levels.
You also visited: Sewer.

You collected 1254 gold pieces.
You spent 810 gold pieces at shops.

Inventory:

Jewellery
 e - an amulet of guardian spirit (around neck)
 y - a ring of wizardry (right front leg)
 N - a ring of stealth (left front leg)
Wands
 a - a wand of frost (27)
 j - a wand of random effects (20)
 n - a wand of digging (12)
 v - a wand of disintegration (5)
 w - a wand of confusion (26)
Scrolls
 d - a scroll of enchant weapon {unknown}
 f - 4 scrolls of magic mapping
 k - 4 scrolls of remove curse
 u - a scroll of brand weapon {unknown}
 A - 2 scrolls of identify
 E - 2 scrolls of fear
 G - a scroll of amnesia
 H - 2 scrolls of recharging
Potions
 i - a potion of cancellation {unknown}
 l - a potion of curing
 p - a potion of degeneration {unknown}
 r - 4 potions of flight
 t - 2 potions of resistance
 x - a potion of ambrosia
 L - a potion of berserk rage {unknown}
Books
 b - a book of Changes

   Spells                             Type                      Level
   a - Beastly Appendage              Transmutation                1
   b - Sticks to Snakes               Transmutation                2
   c - Spider Form                    Transmutation/Poison         3
   d - Ice Form                       Ice/Transmutation            4
   e - Blade Hands                    Transmutation                5
 z - a book of Unlife

   Spells                             Type                      Level
   a - Recall                         Summoning/Translocation      3
   b - Animate Dead                   Necromancy                   4
   c - Control Undead                 Necromancy                   4
   d - Cigotuvi's Embrace             Necromancy                   5
   e - Death Channel                  Necromancy                   6
   f - Simulacrum                     Ice/Necromancy               6
 C - a manual of Air Magic
 F - a book of Frost

   Spells                             Type                      Level
   a - Freeze                         Ice                          1
   b - Throw Frost                    Conjuration/Ice              2
   c - Ozocubu's Armour               Charms/Ice                   3
   d - Throw Icicle                   Conjuration/Ice              4
   e - Summon Ice Beast               Ice/Summoning                4
   f - Condensation Shield            Ice                          4
 K - a book of the Tempests

   Spells                             Type                      Level
   a - Static Discharge               Conjuration/Air              3
   b - Lightning Bolt                 Conjuration/Air              5
   c - Fireball                       Conjuration/Fire             5
   d - Tornado                        Air                          9
   e - Shatter                        Earth                        9
Comestibles
 c - 7 meat rations
 g - 6 royal jellies
 h - 4 beef jerkies
 m - 6 chunks of flesh
 I - 3 slices of pizza


   Skills:
 * Level 7.6 Fighting
 * Level 13.4 Dodging
 * Level 10.9 Stealth
 * Level 10.0 Unarmed Combat
 + Level 3.9 Spellcasting
 + Level 0.8 Translocations
 + Level 4.2 Transmutations
 + Level 2.4 Poison Magic
 + Level 2.1 Evocations


You had 3 spell levels left.
You knew the following spells:

 Your Spells              Type           Power        Failure   Level  Hunger
a - Beastly Appendage     Trmt           ###...       4%          1    None
b - Spider Form           Trmt/Pois      ##........   16%         3    ###....
c - Recall                Summ/Tloc      N/A          43%         3    ###....
d - Throw Frost           Conj/Ice       #.....       26%         2    ##.....
e - Static Discharge      Conj/Air       #.......     52%         3    ###....


Dungeon Overview and Level Annotations

Branches:
Dungeon (13/15)            Temple (0/1) D:5            Lair (0/8) D:10
    Orc (0/4) D:12
 Vaults: D:13-14

Altars:
Ashenzari
Dithmenos
Fedhas
Kikubaaqudgha
Makhleb
Qazlal
Yredelemnul

Shops:
D:5 ([!(

Annotations:
D:12 Rupert


Innate Abilities, Weirdness & Mutations

You cannot wear armour.
You are incapable of wielding weapons or throwing items.
((You have sharp claws.))
((You have razor-sharp teeth.))
You have supernaturally acute eyesight.
You are carnivorous and can eat meat at any time.
((You cover ground quickly.))
((You are covered in thick fur (AC +2).))
You have a slow metabolism.
((Your sharp claws are effective at attacking unaware monsters.))


Message History

There is an open door, spattered with blood here.
You bite the shadow imp!
The shadow imp is heavily wounded.
The shadow imp completely misses you. The shadow imp gestures at you.
Pain shoots through your body!
You bite Rupert!
Rupert looks even sicker.
Rupert is almost dead.
The shadow imp shouts, "Fly, thou quaking half-faced nobody!"
The shadow imp completely misses you.
There are monsters nearby!
You hit Rupert but do no damage.
Rupert is almost dead.
Rupert roars madly and goes into a rage!
Rupert goes berserk!
You barely miss Rupert.
Rupert is almost dead.
Rupert hits you with a +0 great mace of protection!!
Ouch! That really hurt!
You die...

########### ..........# #########
..........# #.......# ..........#
#.......# ###### ..........#
#.......# #..... ..........#
#.......# #.....
..%.......######.......#####.....
..........##...'5.....>'...#..<..
........†...$###s......###.......
..........#### #@......# ###.....
..........# #.......# #.....
..........# #.......# #.....
..........# #.......# #.....
######.#### #...<...# #..... ..#
##'###### ###### .### .# ## #.


You could see Rupert (berserk) and a shadow imp.

Vanquished Creatures
  Gastronok (D:12)
  The ghost of Goblin1989 the Fighter, a novice DsAr of Okawaru (D:10)
  Pikel (D:5)
  A hill giant (D:13)
  An ugly thing (D:7)
  Maurice (D:9)
  Psyche (D:8)
  A komodo dragon (D:10)
  A troll (D:12)
  Sigmund (D:2)
  2 hungry ghosts
  3 hippogriffs
  16 yaks
  Purgy (Sewer)
  2 sky beasts (D:6)
  2 ogres
  4 ice beasts
  6 orc warriors
  2 phantoms
  5 necrophages
  3 slaves (D:5)
  2 centaurs
  6 giant frogs
  A wyvern zombie (D:10)
  4 scorpions
  A water moccasin skeleton (D:4)
  3 spriggan skeletons (D:9)
  A troll skeleton (D:9)
  7 wights
  3 killer bees (D:9)
  2 centaur zombies
  A giant frog zombie (D:9)
  3 jellies
  3 crimson imps
  3 centaur skeletons
  2 giant frog skeletons
  3 hounds
  8 orc priests
  12 orc wizards
  2 iguanas
  6 worker ants
  A worker ant zombie (D:5)
  12 adders
  2 shadow imps
  An ooze (D:1)
  An adder skeleton (D:4)
  An adder zombie (D:9)
  4 worms
  3 giant geckos
  55 orcs
  2 ball pythons
  9 bats
  7 giant cockroaches
  11 goblins
  7 hobgoblins
  9 jackals
  9 kobolds
  2 giant gecko skeletons (D:5)
  6 giant newts
  A jackal skeleton (D:9)
  A quokka (D:4)
  A quokka skeleton (D:5)
  4 rats
  4 butterflies (D:5)
  A plant (D:10)
283 creatures vanquished.

Vanquished Creatures (collateral kills)
  The ghost of Goblin1989 the Cutter, a novice SpGl (D:6)
  2 wights
  A jelly (D:6)
  2 hounds
  An orc priest (D:12)
  An adder (D:5)
  3 orcs
11 creatures vanquished.

Vanquished Creatures (others)
  A plant (D:5)
1 creature vanquished.

Grand Total: 295 creatures vanquished

Notes
Turn   | Place    | Note
--------------------------------------------------------------
     0 | D:1      | magog001 the Felid Transmuter began the quest for the Orb.
     0 | D:1      | Reached XP level 1. HP: 9/9 MP: 4/4
   146 | D:1      | Reached XP level 2. HP: 12/12 MP: 6/6
   696 | D:1      | Reached skill level 1 in Stealth
   895 | D:2      | Reached XP level 3. HP: 11/15 MP: 7/7
  1056 | D:2      | Noticed Sigmund
  1074 | D:2      | Killed Sigmund
  1074 | D:2      | Reached skill level 4 in Dodging
  1074 | D:2      | Reached XP level 4. HP: 17/19 MP: 8/8
  1074 | D:2      | Reached XP level 5. HP: 19/22 MP: 9/9
  1485 | D:2      | Found a shattered altar of Ashenzari.
  1503 | D:2      | Found a blossoming altar of Fedhas.
  1557 | D:2      | Found a basalt altar of Yredelemnul.
  1894 | D:3      | Gained mutation: You are covered in thick fur (AC +2). [Felid growth]
  1894 | D:3      | Reached XP level 6. HP: 7/27 MP: 10/10
  1988 | D:3      | Found a stormy altar of Qazlal.
  2070 | D:3      | Found a glowing drain.
  2091 | Sewer    | Entered a sewer
  2232 | Sewer    | Noticed Purgy
  2252 | Sewer    | Killed Purgy
  2252 | Sewer    | Reached skill level 5 in Dodging
  2800 | D:3      | Learned a level 3 spell: Spider Form
  3294 | D:4      | Found a burning altar of Makhleb.
  3458 | D:4      | Reached XP level 7. HP: 31/31 MP: 7/11
  3599 | D:4      | Reached skill level 6 in Dodging
  3599 | D:4      | Reached skill level 5 in Unarmed Combat
  4320 | D:5      | Entered Level 5 of the Dungeon
  4320 | D:5      | Found Abbyczid's Distillery.
  4503 | D:5      | Bought a potion of heal wounds for 75 gold pieces
  4503 | D:5      | Bought a potion of heal wounds for 75 gold pieces
  4553 | D:5      | Found a staircase to the Ecumenical Temple.
  4564 | D:5      | Learned a level 1 spell: Beastly Appendage
  4575 | D:5      | Found Coucval's Antique Weapon Boutique.
  5118 | D:5      | Found Ecri Weg's Armour Shop.
  5126 | D:5      | Reached skill level 7 in Dodging
  5299 | D:5      | Reached skill level 5 in Stealth
  5421 | D:5      | Bought a potion of heal wounds for 75 gold pieces
  5483 | D:5      | Found Ysiuk's Weapon Boutique.
  5540 | D:5      | Reached XP level 8. HP: 36/36 MP: 9/13
  5600 | D:5      | Learned a level 5 spell: Blade Hands
  5736 | D:6      | Noticed Goblin1989's ghost (novice SpGl)
  5901 | D:6      | Noticed Pikel
  6408 | D:5      | Killed Pikel
  6408 | D:5      | Reached skill level 8 in Dodging
  6408 | D:5      | Reached skill level 1 in Poison Magic
  6487 | D:6      | Killed Goblin1989's ghost
  6541 | D:6      | Reached XP level 9. HP: 23/39 MP: 14/14
  6547 | D:6      | Found a shadowy altar of Dithmenos.
  6593 | D:6      | Learned a level 3 spell: Recall
  6826 | D:5      | Bought 2 potions of curing for 90 gold pieces
  6826 | D:5      | Identified 3 scrolls of acquirement
  6957 | D:6      | Reached skill level 9 in Dodging
  7136 | D:5      | Bought a potion of agility for 60 gold pieces
  7136 | D:5      | Bought a potion of curing for 45 gold pieces
  7136 | D:5      | Bought 2 potions of flight for 90 gold pieces
  7136 | D:5      | Bought a potion of flight for 45 gold pieces
  7136 | D:5      | Bought a potion of resistance for 150 gold pieces
  7136 | D:5      | Bought a potion of might for 60 gold pieces
  7136 | D:5      | Bought a potion of lignification for 45 gold pieces
  7524 | D:7      | Reached skill level 5 in Fighting
  7942 | D:7      | Noticed a brown ugly thing
  7974 | D:7      | Killed a brown ugly thing
  7974 | D:7      | Reached skill level 10 in Dodging
  8339 | D:7      | Learned a level 2 spell: Throw Frost
  8384 | D:8      | Noticed Psyche
  8402 | D:8      | Killed Psyche
  8402 | D:8      | Reached XP level 10. HP: 37/45 MP: 11/16
  8480 | D:8      | Learned a level 3 spell: Static Discharge
  8798 | D:8      | Reached skill level 11 in Dodging
  8980 | D:9      | Noticed Maurice
  8994 | D:9      | Killed Maurice
  9048 | D:9      | Found an ancient bone altar of Kikubaaqudgha.
  9496 | D:9      | Reached skill level 10 in Stealth
  9496 | D:9      | Reached skill level 1 in Evocations
  9908 | D:10     | Entered Level 10 of the Dungeon
 10011 | D:10     | Noticed Goblin1989's ghost (novice DsAr)
 10032 | D:10     | Killed Goblin1989's ghost
 10032 | D:10     | Reached skill level 12 in Dodging
 10032 | D:10     | Reached XP level 11. HP: 50/50 MP: 12/17
 10360 | D:10     | Found a staircase to the Lair.
 10720 | D:10     | You fall through a shaft for 3 floors!
 10720 | D:13     | Noticed a hill giant
 10728 | D:13     | Killed a hill giant
 11138 | D:12     | Found a staircase to the Orcish Mines.
 11180 | D:12     | Noticed Gastronok
 11202 | D:12     | HP: 2/50 [Gastronok/the air (22)]
 11231 | D:12     | HP: 1/75 [Gastronok/the air (27)]
 11238 | D:12     | Demolished by Gastronok
 11239 | D:12     | Reached XP level 10. HP: -18/70 MP: 0/16
 11242 | D:12     | Killed Gastronok
 11242 | D:12     | Reached skill level 13 in Dodging
 11320 | D:12     | Noticed Rupert
 11320 | D:12     | Paralysed by Rupert for 2 turns
 11344 | D:12     | Slain by Rupert
 11345 | D:12     | Reached XP level 9. HP: 0/43 MP: 0/15
 11361 | D:12     | Reached skill level 10 in Unarmed Combat
 11374 | D:12     | Slain by Rupert

Action                   |  1- 3 |  4- 6 |  7- 9 | 10-12 || total
-------------------------+-------+-------+-------+-------++-------
Melee: Unarmed           |    85 |   177 |   409 |   427 ||  1098
 Cast: Beastly Appendage |     4 |     2 |     1 |       ||     7
       Spider Form       |       |     3 |    24 |    25 ||    52
       Recall            |       |       |     1 |     3 ||     4
       Throw Frost       |       |       |       |     3 ||     3
Evoke: Sack of spiders   |       |     1 |     5 |     5 ||    11
       Wand              |       |       |     1 |    15 ||    16
  Use: Potion            |       |     4 |     5 |    18 ||    27
       Scroll            |       |     4 |    13 |     3 ||    20
 Stab: Sleeping          |     2 |    10 |    16 |    13 ||    41
  Eat: Chunk             |     7 |     5 |    20 |    14 ||    46
